[ PARTIDA AOE2 · #481110393 ]
UnrankedBorgoñones vs Persians
[ ANÁLISIS DE REPETICIÓN · EXTRAÍDO DE LA PARTIDA GRABADA ]
Feudal
14:14
Castillos
18:17
Imperial
55:40
| APM promedio | 34.9 |
| APM pico | 85 |
| eAPM promedio | 16.8 |
| Aldeanos / militares | 141 / 46 |
Foco
⚔️ 24.1% · 🌾 75.9%
Flemish Militia ×27 · Coustillier ×15 · Fishing Ship ×6 · Battering Ram ×2 · Transport Ship ×2
Feudal
17:45
Castillos
22:09
Imperial
37:38
| APM promedio | 31.0 |
| APM pico | 58 |
| eAPM promedio | 20.3 |
| Aldeanos / militares | 121 / 210 |
Foco
⚔️ 32.4% · 🌾 67.6%
Camel Scout ×107 · Camel Archer ×95 · Fishing Ship ×29 · Trebuchet (Packed) ×8
Feudal
12:39
Castillos
17:40
Imperial
32:00
| APM promedio | 45.9 |
| APM pico | 82 |
| eAPM promedio | 28.3 |
| Aldeanos / militares | 259 / 306 |
Foco
⚔️ 21.9% · 🌾 78.1%
Camel Scout ×107 · Hand Cannoneer ×95 · Scout Cavalry ×45 · Knight ×18 · Skirmisher ×16 · Fishing Ship ×14
Feudal
15:20
Castillos
20:01
Imperial
45:34
| APM promedio | 32.6 |
| APM pico | 71 |
| eAPM promedio | 20.6 |
| Aldeanos / militares | 153 / 199 |
Foco
⚔️ 21.3% · 🌾 78.7%
Archer ×139 · Skirmisher ×26 · Fishing Ship ×11 · Monk ×8 · Cataphract ×8 · Camel Scout ×8
Feudal
12:30
Castillos
19:15
Imperial
36:19
| APM promedio | 46.7 |
| APM pico | 87 |
| eAPM promedio | 24.0 |
| Aldeanos / militares | 212 / 242 |
Foco
⚔️ 36.0% · 🌾 64.0%
Hand Cannoneer ×83 · Genitour ×79 · Spearman ×28 · Bombard Cannon ×17 · Hussite Wagon ×11 · Trebuchet (Packed) ×10
Feudal
13:28
Castillos
18:54
Imperial
39:02
| APM promedio | 46.6 |
| APM pico | 73 |
| eAPM promedio | 27.2 |
| Aldeanos / militares | 154 / 68 |
Foco
⚔️ 20.6% · 🌾 79.4%
Militia ×49 · Fishing Ship ×22 · Mangonel ×8 · Spearman ×6 · Unknown (2626) ×4 · Transport Ship ×3
Feudal
13:28
Castillos
17:36
Imperial
34:14
| APM promedio | 28.3 |
| APM pico | 47 |
| eAPM promedio | 17.6 |
| Aldeanos / militares | 134 / 99 |
Foco
⚔️ 25.7% · 🌾 74.3%
Knight ×43 · Skirmisher ×32 · Spearman ×15 · Fishing Ship ×5 · Trebuchet (Packed) ×4 · Throwing Axeman ×3
Feudal
13:34
Castillos
18:29
Imperial
35:57
| APM promedio | 43.0 |
| APM pico | 70 |
| eAPM promedio | 23.6 |
| Aldeanos / militares | 183 / 319 |
Foco
⚔️ 35.3% · 🌾 64.7%
Magyar Huszar ×206 · Spearman ×102 · Fishing Ship ×11 · Trebuchet (Packed) ×10 · Unknown (2626) ×5 · Fire Galley ×1
Mapa de la partida
Recursos iniciales + cada clic de construcción. Líneas = muros · curvas = relieve. ◆ oro · ⬟ piedra · ● bayas · ✦ reliquia · ◌ hueco del cierre
Tu base· Abierta — hueco de 7t
Base de Mr Dô· Abierta — hueco de 4t
Base de uttuananh1989· Abierta — hueco de 11t
Base de bathi90dn· Abierta — flanco sin cerrar
Base de JIJINz· Abierta — hueco de 12t
Base de Secretary E· Abierta — hueco de 2t
Base de Binereryy· Abierta — flanco sin cerrar
Base de hp_wong· Abierta — flanco sin cerrar
Terreno inicial suavizado · ◌ = hueco del cierre detectado · pasá el cursor para detalles
Inputs por minuto
— Tienchim - - Mr Dô
Build order — Tienchim
Primeras 150 de 291 acciones detectadas
| 0:15 | Construir | Town Center |
| 1:12 | Construir | Dock |
| 1:14 | Construir | House |
| 2:37 | Crear | Villager (Male) |
| 2:37 | Crear | Villager (Male) |
| 2:37 | Crear | Villager (Male) |
| 2:40 | Crear | Villager (Male) |
| 2:40 | Crear | Villager (Male) |
| 4:03 | Crear | Fishing Ship |
| 4:16 | Crear | Villager (Male) |
| 4:36 | Investigar | Loom |
| 4:48 | Construir | House |
| 5:19 | Crear | Fishing Ship |
| 5:21 | Crear | Villager (Male) |
| 5:22 | Crear | Villager (Male) |
| 5:59 | Crear | Villager (Male) |
| 5:59 | Crear | Villager (Male) |
| 6:00 | Crear | Fishing Ship |
| 6:31 | Construir | House |
| 6:34 | Crear | Villager (Male) |
| 6:58 | Crear | Villager (Male) |
| 7:20 | Crear | Villager (Male) |
| 7:20 | Crear | Villager (Male) |
| 7:30 | Crear | Fishing Ship |
| 7:33 | Crear | Villager (Male) |
| 7:54 | Crear | Villager (Male) |
| 8:03 | Construir | House |
| 8:04 | Crear | Villager (Male) |
| 8:29 | Crear | Villager (Male) |
| 8:34 | Construir | House |
| 9:02 | Construir | House |
| 9:03 | Crear | Villager (Male) |
| 9:03 | Crear | Villager (Male) |
| 9:03 | Crear | Villager (Male) |
| 9:04 | Crear | Villager (Male) |
| 9:11 | Crear | Villager (Male) |
| 9:20 | Construir | House |
| 9:29 | Crear | Fishing Ship |
| 9:37 | Construir | Palisade Wall |
| 9:41 | Construir | Palisade Wall |
| 9:42 | Crear | Villager (Male) |
| 9:59 | Construir | Palisade Wall |
| 10:01 | Crear | Villager (Male) |
| 10:11 | Crear | Villager (Male) |
| 10:12 | Crear | Fishing Ship |
| 10:21 | Crear | Villager (Male) |
| 10:21 | Crear | Villager (Male) |
| 10:23 | Crear | Villager (Male) |
| 10:25 | Crear | Villager (Male) |
| 10:37 | Construir | Palisade Wall |
| 10:40 | Crear | Villager (Male) |
| 10:40 | Crear | Villager (Male) |
| 10:52 | Crear | Villager (Male) |
| 10:52 | Crear | Villager (Male) |
| 10:53 | Crear | Villager (Male) |
| 11:02 | Construir | Mill |
| 11:03 | Crear | Villager (Male) |
| 11:03 | Crear | Villager (Male) |
| 11:12 | Crear | Villager (Male) |
| 11:18 | Construir | Palisade Wall |
| 11:20 | Construir | Palisade Wall |
| 11:22 | Construir | Palisade Wall |
| 11:59 | Construir | House |
| 12:04 | Investigar | Feudal Age |
| 12:34 | Construir | Mining Camp |
| 12:49 | Construir | Palisade Wall |
| 13:23 | Construir | Palisade Wall |
| 13:28 | Crear | Villager (Male) |
| 13:33 | Crear | Villager (Male) |
| 14:08 | Crear | Villager (Male) |
| 14:14 | Edad | Edad Feudal |
| 14:19 | Crear | Villager (Male) |
| 14:19 | Crear | Villager (Male) |
| 14:29 | Construir | Market |
| 14:36 | Construir | Blacksmith |
| 14:45 | Construir | Market |
| 14:48 | Crear | Villager (Male) |
| 15:04 | Construir | Palisade Wall |
| 15:37 | Investigar | Castle Age |
| 15:44 | Construir | Mining Camp |
| 15:54 | Construir | Palisade Wall |
| 16:13 | Construir | Lumber Camp |
| 16:39 | Construir | House |
| 17:14 | Investigar | Double-Bit Axe |
| 17:14 | Investigar | Double-Bit Axe |
| 17:15 | Investigar | Horse Collar |
| 17:16 | Investigar | Horse Collar |
| 17:40 | Construir | Outpost |
| 17:50 | Crear | Villager (Male) |
| 18:06 | Crear | Villager (Male) |
| 18:06 | Crear | Villager (Male) |
| 18:17 | Edad | Edad de los Castillos |
| 18:21 | Construir | Castle |
| 18:30 | Crear | Villager (Male) |
| 18:30 | Crear | Villager (Male) |
| 19:11 | Crear | Villager (Male) |
| 19:17 | Investigar | Fletching |
| 19:18 | Investigar | Fletching |
| 19:31 | Crear | Coustillier |
| 19:31 | Crear | Coustillier |
| 19:34 | Crear | Villager (Male) |
| 19:38 | Crear | Villager (Male) |
| 19:55 | Investigar | Scale Barding Armor |
| 19:55 | Investigar | Scale Barding Armor |
| 19:56 | Crear | Villager (Male) |
| 20:09 | Crear | Coustillier |
| 20:43 | Crear | Villager (Male) |
| 20:43 | Crear | Villager (Male) |
| 21:06 | Crear | Villager (Male) |
| 21:06 | Crear | Villager (Male) |
| 21:10 | Construir | Town Center |
| 21:15 | Crear | Coustillier |
| 21:16 | Crear | Coustillier |
| 21:17 | Crear | Villager (Male) |
| 21:17 | Crear | Villager (Male) |
| 21:27 | Construir | Farm |
| 21:27 | Construir | Farm |
| 21:51 | Crear | Villager (Male) |
| 21:51 | Crear | Villager (Male) |
| 22:18 | Crear | Coustillier |
| 22:23 | Construir | Farm |
| 22:24 | Construir | Farm |
| 22:34 | Construir | Farm |
| 22:49 | Crear | Villager (Male) |
| 22:54 | Construir | Farm |
| 22:56 | Construir | Farm |
| 23:22 | Construir | Outpost |
| 23:55 | Crear | Villager (Male) |
| 23:58 | Construir | Barracks |
| 24:01 | Crear | Villager (Male) |
| 24:01 | Crear | Villager (Male) |
| 24:03 | Construir | Farm |
| 24:04 | Construir | Farm |
| 24:27 | Construir | Farm |
| 24:27 | Construir | Farm |
| 24:31 | Construir | Farm |
| 24:32 | Construir | Farm |
| 24:51 | Crear | Flemish Militia |
| 24:52 | Crear | Flemish Militia |
| 24:55 | Construir | Farm |
| 25:07 | Crear | Coustillier |
| 25:23 | Crear | Flemish Militia |
| 25:23 | Crear | Flemish Militia |
| 25:31 | Crear | Coustillier |
| 25:31 | Crear | Coustillier |
| 25:56 | Crear | Flemish Militia |
| 25:56 | Crear | Flemish Militia |
| 25:59 | Crear | Villager (Male) |
| 26:34 | Investigar | Scale Mail Armor |
| 26:34 | Investigar | Scale Mail Armor |
Build order — Mr Dô
Primeras 150 de 392 acciones detectadas
| 0:10 | Construir | Town Center |
| 0:39 | Construir | Dock |
| 0:57 | Construir | Palisade Wall |
| 2:27 | Investigar | Loom |
| 2:28 | Crear | Villager (Male) |
| 2:28 | Crear | Villager (Male) |
| 2:28 | Crear | Villager (Male) |
| 2:29 | Crear | Villager (Male) |
| 3:05 | Construir | House |
| 3:44 | Crear | Villager (Male) |
| 4:02 | Crear | Fishing Ship |
| 4:56 | Crear | Villager (Male) |
| 5:25 | Crear | Villager (Male) |
| 5:32 | Construir | House |
| 6:22 | Crear | Villager (Male) |
| 6:34 | Construir | House |
| 6:40 | Crear | Villager (Male) |
| 6:50 | Crear | Fishing Ship |
| 7:08 | Crear | Villager (Male) |
| 7:28 | Crear | Fishing Ship |
| 7:38 | Crear | Villager (Male) |
| 7:38 | Crear | Villager (Male) |
| 7:59 | Crear | Villager (Male) |
| 8:05 | Crear | Villager (Male) |
| 8:25 | Construir | House |
| 8:36 | Crear | Villager (Male) |
| 8:41 | Construir | House |
| 8:53 | Crear | Villager (Male) |
| 8:53 | Crear | Villager (Male) |
| 8:54 | Crear | Fishing Ship |
| 8:54 | Crear | Fishing Ship |
| 9:01 | Construir | House |
| 9:17 | Crear | Fishing Ship |
| 9:53 | Crear | Fishing Ship |
| 10:07 | Crear | Villager (Male) |
| 10:23 | Crear | Fishing Ship |
| 10:31 | Construir | House |
| 10:43 | Crear | Villager (Male) |
| 10:54 | Construir | Lumber Camp |
| 11:09 | Crear | Villager (Male) |
| 11:09 | Crear | Villager (Male) |
| 11:42 | Crear | Villager (Male) |
| 11:50 | Construir | House |
| 11:54 | Crear | Fishing Ship |
| 12:09 | Construir | House |
| 12:24 | Crear | Villager (Male) |
| 12:27 | Construir | House |
| 12:48 | Construir | House |
| 12:49 | Crear | Fishing Ship |
| 13:05 | Crear | Villager (Male) |
| 13:05 | Crear | Villager (Male) |
| 13:05 | Crear | Villager (Male) |
| 13:06 | Crear | Villager (Male) |
| 13:15 | Construir | House |
| 14:07 | Construir | Mill |
| 14:28 | Construir | House |
| 14:42 | Crear | Villager (Male) |
| 14:42 | Crear | Villager (Male) |
| 14:56 | Construir | Dock |
| 15:34 | Investigar | Feudal Age |
| 16:44 | Construir | Mining Camp |
| 17:17 | Construir | Barracks |
| 17:45 | Edad | Edad Feudal |
| 17:49 | Crear | Villager (Male) |
| 17:50 | Crear | Villager (Male) |
| 17:50 | Crear | Villager (Male) |
| 17:51 | Crear | Villager (Male) |
| 17:54 | Construir | Blacksmith |
| 18:50 | Construir | Stable |
| 19:24 | Investigar | Castle Age |
| 19:36 | Construir | Lumber Camp |
| 20:05 | Construir | Lumber Camp |
| 21:05 | Investigar | Double-Bit Axe |
| 21:35 | Construir | Mining Camp |
| 22:09 | Edad | Edad de los Castillos |
| 22:13 | Construir | Town Center |
| 22:19 | Investigar | Wheelbarrow |
| 22:35 | Construir | Dock |
| 23:03 | Construir | Town Center |
| 23:11 | Investigar | Wheelbarrow |
| 23:51 | Construir | Town Center |
| 24:13 | Construir | Farm |
| 24:15 | Construir | Farm |
| 24:19 | Crear | Villager (Male) |
| 24:20 | Crear | Villager (Male) |
| 24:33 | Construir | Farm |
| 24:42 | Crear | Villager (Male) |
| 24:42 | Crear | Villager (Male) |
| 24:42 | Crear | Villager (Male) |
| 24:47 | Construir | Farm |
| 24:51 | Construir | Farm |
| 25:09 | Crear | Villager (Male) |
| 25:09 | Crear | Villager (Male) |
| 25:11 | Crear | Villager (Male) |
| 25:20 | Construir | Farm |
| 25:25 | Construir | Farm |
| 25:27 | Crear | Villager (Male) |
| 25:27 | Crear | Villager (Male) |
| 25:47 | Crear | Villager (Male) |
| 25:47 | Crear | Villager (Male) |
| 25:59 | Construir | Town Center |
| 26:07 | Crear | Villager (Male) |
| 26:07 | Crear | Villager (Male) |
| 26:12 | Construir | Dock |
| 26:14 | Crear | Villager (Male) |
| 26:15 | Crear | Villager (Male) |
| 26:15 | Crear | Villager (Male) |
| 26:17 | Crear | Fishing Ship |
| 26:25 | Crear | Villager (Male) |
| 26:39 | Construir | Dock |
| 26:41 | Crear | Villager (Male) |
| 26:48 | Crear | Villager (Male) |
| 26:52 | Construir | House |
| 26:53 | Construir | House |
| 26:56 | Crear | Fishing Ship |
| 26:58 | Crear | Villager (Male) |
| 26:59 | Crear | Villager (Male) |
| 27:00 | Crear | Villager (Male) |
| 27:03 | Crear | Fishing Ship |
| 27:12 | Construir | House |
| 27:13 | Construir | House |
| 27:15 | Crear | Villager (Male) |
| 27:46 | Investigar | Bow Saw |
| 27:48 | Crear | Fishing Ship |
| 27:48 | Crear | Fishing Ship |
| 27:49 | Crear | Fishing Ship |
| 27:55 | Crear | Villager (Male) |
| 27:59 | Crear | Villager (Male) |
| 28:01 | Crear | Villager (Male) |
| 28:09 | Crear | Fishing Ship |
| 28:10 | Crear | Fishing Ship |
| 28:15 | Construir | Dock |
| 28:18 | Crear | Villager (Male) |
| 28:18 | Crear | Villager (Male) |
| 28:36 | Crear | Villager (Male) |
| 28:37 | Crear | Villager (Male) |
| 28:37 | Crear | Villager (Male) |
| 28:42 | Construir | Town Center |
| 28:44 | Crear | Villager (Male) |
| 28:44 | Crear | Villager (Male) |
| 28:51 | Crear | Villager (Male) |
| 28:55 | Construir | House |
| 28:56 | Construir | House |
| 28:59 | Crear | Villager (Male) |
| 28:59 | Crear | Villager (Male) |
| 29:05 | Crear | Villager (Male) |
| 29:11 | Construir | Town Center |
| 29:17 | Crear | Villager (Male) |
| 29:17 | Crear | Villager (Male) |
| 29:20 | Crear | Villager (Male) |
Build order — uttuananh1989
Primeras 150 de 660 acciones detectadas
| 0:16 | Construir | Town Center |
| 0:39 | Construir | Dock |
| 0:42 | Construir | House |
| 2:36 | Crear | Villager (Male) |
| 2:36 | Crear | Villager (Male) |
| 2:36 | Crear | Villager (Male) |
| 2:36 | Crear | Villager (Male) |
| 2:37 | Crear | Villager (Male) |
| 2:37 | Crear | Villager (Male) |
| 3:18 | Crear | Fishing Ship |
| 3:18 | Crear | Fishing Ship |
| 3:41 | Crear | Villager (Male) |
| 4:19 | Crear | Fishing Ship |
| 4:25 | Construir | House |
| 4:38 | Investigar | Loom |
| 4:42 | Crear | Villager (Male) |
| 4:42 | Crear | Villager (Male) |
| 5:04 | Crear | Villager (Male) |
| 5:05 | Crear | Villager (Male) |
| 5:19 | Crear | Villager (Male) |
| 5:19 | Crear | Villager (Male) |
| 5:22 | Crear | Fishing Ship |
| 5:44 | Construir | House |
| 6:04 | Crear | Villager (Male) |
| 6:05 | Crear | Villager (Male) |
| 6:05 | Crear | Villager (Male) |
| 6:13 | Construir | House |
| 6:20 | Crear | Villager (Male) |
| 6:20 | Crear | Villager (Male) |
| 6:47 | Crear | Fishing Ship |
| 6:48 | Crear | Fishing Ship |
| 6:52 | Crear | Villager (Male) |
| 6:52 | Crear | Villager (Male) |
| 7:17 | Crear | Villager (Male) |
| 7:18 | Crear | Villager (Male) |
| 7:18 | Crear | Villager (Male) |
| 7:21 | Crear | Fishing Ship |
| 7:42 | Crear | Villager (Male) |
| 8:04 | Construir | Lumber Camp |
| 8:04 | Crear | Villager (Male) |
| 8:05 | Crear | Villager (Male) |
| 8:09 | Crear | Villager (Male) |
| 8:20 | Construir | House |
| 8:29 | Crear | Fishing Ship |
| 8:29 | Crear | Fishing Ship |
| 8:42 | Crear | Villager (Male) |
| 8:42 | Crear | Villager (Male) |
| 9:05 | Crear | Fishing Ship |
| 9:30 | Crear | Villager (Male) |
| 9:42 | Crear | Fishing Ship |
| 9:59 | Crear | Villager (Male) |
| 9:59 | Crear | Villager (Male) |
| 10:04 | Construir | House |
| 10:10 | Construir | Mill |
| 10:12 | Crear | Villager (Male) |
| 10:18 | Investigar | Feudal Age |
| 10:18 | Investigar | Feudal Age |
| 10:18 | Investigar | Feudal Age |
| 11:12 | Construir | Dock |
| 12:09 | Construir | House |
| 12:22 | Crear | Villager (Male) |
| 12:22 | Crear | Villager (Male) |
| 12:39 | Edad | Edad Feudal |
| 12:40 | Crear | Fire Galley ×3 |
| 12:40 | Crear | Fire Galley ×3 |
| 12:47 | Crear | Villager (Male) |
| 12:48 | Investigar | Double-Bit Axe |
| 12:49 | Investigar | Double-Bit Axe |
| 13:03 | Investigar | Tech 906 |
| 13:03 | Investigar | Tech 906 |
| 13:11 | Construir | House |
| 13:20 | Crear | Villager (Male) |
| 13:21 | Construir | House |
| 13:27 | Crear | Villager (Male) |
| 13:36 | Construir | House |
| 13:40 | Construir | House |
| 13:47 | Construir | Market |
| 13:50 | Crear | Villager (Male) |
| 14:11 | Construir | Blacksmith |
| 14:44 | Crear | Fire Galley ×2 |
| 14:47 | Crear | Villager (Male) |
| 14:47 | Crear | Villager (Male) |
| 14:52 | Construir | House |
| 14:56 | Crear | Villager (Male) |
| 15:04 | Construir | House |
| 15:14 | Investigar | Castle Age |
| 15:15 | Investigar | Castle Age |
| 15:30 | Investigar | Horse Collar |
| 15:30 | Investigar | Horse Collar |
| 16:21 | Crear | Unit 2626 ×3 |
| 16:21 | Crear | Unit 2626 |
| 16:21 | Crear | Unit 2626 |
| 17:21 | Investigar | Forging |
| 17:21 | Investigar | Forging |
| 17:28 | Construir | Mining Camp |
| 17:37 | Crear | Villager (Male) |
| 17:40 | Edad | Edad de los Castillos |
| 17:47 | Investigar | War Galley (upgrade) |
| 17:47 | Investigar | War Galley (upgrade) |
| 17:49 | Crear | Villager (Male) |
| 17:55 | Construir | Town Center |
| 17:59 | Investigar | Scale Mail Armor |
| 17:59 | Investigar | Scale Mail Armor |
| 18:19 | Crear | Villager (Male) |
| 18:20 | Investigar | Gillnets |
| 19:03 | Crear | Villager (Male) |
| 19:03 | Crear | Villager (Male) |
| 19:03 | Crear | Villager (Male) |
| 19:05 | Construir | Lumber Camp |
| 19:21 | Crear | Villager (Male) |
| 19:21 | Crear | Villager (Male) |
| 19:21 | Crear | Villager (Male) |
| 19:28 | Construir | Town Center |
| 19:30 | Investigar | Wheelbarrow |
| 19:30 | Investigar | Wheelbarrow |
| 19:30 | Investigar | Wheelbarrow |
| 19:43 | Investigar | Bow Saw |
| 19:43 | Investigar | Bow Saw |
| 19:53 | Crear | Villager (Male) |
| 19:53 | Crear | Villager (Male) |
| 20:01 | Construir | Mining Camp |
| 20:09 | Crear | Villager (Male) |
| 20:10 | Construir | Farm |
| 20:29 | Crear | Fishing Ship |
| 20:29 | Crear | Fishing Ship |
| 20:29 | Crear | Fishing Ship |
| 20:37 | Investigar | Town Watch |
| 20:37 | Investigar | Town Watch |
| 20:51 | Construir | House |
| 20:55 | Construir | House |
| 20:55 | Construir | House |
| 20:55 | Construir | House |
| 20:55 | Construir | House |
| 21:09 | Crear | Villager (Male) |
| 21:09 | Crear | Villager (Male) |
| 21:14 | Construir | Farm |
| 21:15 | Construir | Farm |
| 21:17 | Construir | Farm |
| 21:19 | Crear | Villager (Male) |
| 21:28 | Construir | Farm |
| 21:29 | Construir | Farm |
| 21:32 | Crear | Villager (Male) |
| 21:59 | Construir | House |
| 22:02 | Crear | Villager (Male) |
| 22:03 | Construir | Farm |
| 22:04 | Construir | Farm |
| 22:07 | Investigar | Heavy Plow |
| 22:17 | Construir | Farm |
| 22:18 | Construir | Farm |
| 22:24 | Crear | Villager (Male) |
Build order — bathi90dn
Primeras 150 de 381 acciones detectadas
| 0:22 | Construir | Town Center |
| 0:40 | Construir | Dock |
| 1:18 | Construir | House |
| 1:26 | Construir | House |
| 2:43 | Investigar | Loom |
| 2:44 | Crear | Villager (Male) ×4 |
| 4:25 | Crear | Fishing Ship |
| 4:52 | Crear | Villager (Male) |
| 4:52 | Crear | Villager (Male) |
| 5:36 | Construir | House |
| 5:37 | Crear | Fishing Ship |
| 5:59 | Crear | Villager (Male) |
| 6:28 | Crear | Fishing Ship |
| 6:38 | Crear | Villager (Male) |
| 7:04 | Crear | Villager (Male) |
| 7:04 | Crear | Villager (Male) |
| 7:13 | Construir | House |
| 7:31 | Crear | Villager (Male) |
| 7:31 | Crear | Villager (Male) |
| 7:35 | Crear | Fishing Ship |
| 7:50 | Crear | Villager (Male) |
| 7:50 | Crear | Villager (Male) |
| 8:11 | Crear | Villager (Male) |
| 8:11 | Crear | Villager (Male) |
| 8:30 | Crear | Villager (Male) |
| 8:35 | Crear | Fishing Ship |
| 8:55 | Construir | House |
| 9:23 | Crear | Villager (Male) |
| 9:26 | Crear | Villager (Male) |
| 9:28 | Crear | Fishing Ship |
| 9:45 | Crear | Fishing Ship |
| 9:53 | Crear | Villager (Male) |
| 10:19 | Crear | Fishing Ship |
| 10:21 | Crear | Villager (Male) |
| 10:23 | Construir | House |
| 10:39 | Crear | Villager (Male) |
| 10:58 | Crear | Villager (Male) |
| 11:04 | Construir | Lumber Camp |
| 11:28 | Crear | Fishing Ship |
| 11:38 | Construir | House |
| 11:42 | Crear | Villager (Male) |
| 12:12 | Crear | Villager (Male) |
| 12:17 | Construir | Dock |
| 12:25 | Crear | Fishing Ship |
| 12:45 | Crear | Villager (Male) |
| 12:54 | Construir | House |
| 13:06 | Investigar | Feudal Age |
| 13:06 | Investigar | Feudal Age |
| 13:13 | Construir | Mining Camp |
| 14:59 | Construir | Mill |
| 15:19 | Crear | Villager (Male) |
| 15:20 | Edad | Edad Feudal |
| 15:21 | Crear | Villager (Male) |
| 15:26 | Construir | Blacksmith |
| 15:43 | Crear | Fishing Ship |
| 16:01 | Crear | Villager (Male) |
| 16:03 | Construir | Barracks |
| 16:07 | Construir | House |
| 16:21 | Construir | Dock |
| 16:47 | Construir | Stable |
| 16:47 | Crear | Villager (Male) |
| 17:21 | Investigar | Castle Age |
| 17:40 | Construir | Stable |
| 17:42 | Investigar | Double-Bit Axe |
| 17:42 | Investigar | Double-Bit Axe |
| 17:58 | Investigar | Tech 906 |
| 18:04 | Construir | House |
| 18:09 | Crear | Scout Cavalry |
| 19:11 | Investigar | Forging |
| 19:22 | Crear | Spearman |
| 19:23 | Crear | Spearman |
| 19:30 | Construir | House |
| 19:30 | Construir | House |
| 19:32 | Construir | House |
| 19:33 | Construir | House |
| 20:01 | Edad | Edad de los Castillos |
| 20:01 | Crear | Camel Scout |
| 20:02 | Crear | Camel Scout |
| 20:03 | Crear | Villager (Male) |
| 20:03 | Crear | Villager (Male) |
| 20:08 | Construir | Palisade Wall |
| 20:13 | Construir | Town Center |
| 20:47 | Construir | Town Center |
| 20:58 | Crear | Camel Scout |
| 20:59 | Crear | Camel Scout |
| 21:00 | Crear | Villager (Male) |
| 21:01 | Crear | Villager (Male) |
| 21:14 | Construir | Monastery |
| 21:42 | Crear | Monk |
| 21:54 | Construir | Mining Camp |
| 22:01 | Crear | Villager (Male) |
| 22:01 | Crear | Villager (Male) |
| 22:04 | Crear | Villager (Male) |
| 22:07 | Investigar | Wheelbarrow |
| 22:32 | Construir | House |
| 22:32 | Construir | House |
| 22:42 | Investigar | Husbandry |
| 22:43 | Crear | Camel Scout |
| 22:44 | Crear | Camel Scout |
| 22:45 | Crear | Monk |
| 22:52 | Construir | Siege Workshop |
| 22:56 | Crear | Villager (Male) |
| 22:59 | Crear | Villager (Male) |
| 23:00 | Crear | Villager (Male) |
| 23:02 | Crear | Villager (Male) |
| 23:24 | Crear | Villager (Male) |
| 23:55 | Crear | Mangonel |
| 23:57 | Crear | Villager (Male) |
| 23:59 | Crear | Villager (Male) |
| 24:00 | Crear | Monk |
| 24:30 | Construir | House |
| 24:32 | Construir | House |
| 24:33 | Construir | House |
| 24:38 | Construir | House |
| 24:45 | Construir | Lumber Camp |
| 25:24 | Crear | Mangonel |
| 25:28 | Investigar | Redemption |
| 25:28 | Investigar | Redemption |
| 25:31 | Crear | Villager (Male) |
| 25:33 | Crear | Villager (Male) |
| 25:33 | Crear | Villager (Male) |
| 25:44 | Crear | Villager (Male) |
| 26:09 | Construir | Monastery |
| 26:37 | Crear | Mangonel |
| 26:39 | Crear | Monk |
| 26:44 | Crear | Villager (Male) |
| 26:45 | Crear | Villager (Male) |
| 26:52 | Crear | Camel Scout |
| 26:53 | Crear | Camel Scout |
| 27:13 | Crear | Monk |
| 27:36 | Crear | Monk |
| 27:53 | Investigar | Scale Barding Armor |
| 28:10 | Construir | Farm |
| 28:11 | Construir | Farm |
| 28:32 | Investigar | Sanctity |
| 28:36 | Crear | Villager (Male) |
| 28:36 | Crear | Villager (Male) |
| 28:38 | Construir | Farm |
| 28:38 | Construir | Farm |
| 28:38 | Construir | Farm |
| 28:38 | Construir | Farm |
| 28:40 | Construir | Farm |
| 28:40 | Construir | Farm |
| 28:49 | Investigar | Gold Mining |
| 29:02 | Crear | Villager (Male) |
| 29:06 | Construir | Siege Workshop |
| 29:12 | Crear | Villager (Male) |
| 29:13 | Crear | Villager (Male) |
| 29:18 | Construir | Town Center |
| 29:39 | Construir | Farm |
Build order — JIJINz
Primeras 150 de 572 acciones detectadas
| 0:27 | Construir | Town Center |
| 0:53 | Construir | Dock |
| 0:55 | Construir | House |
| 2:46 | Crear | Villager (Male) |
| 2:46 | Crear | Villager (Male) |
| 2:48 | Crear | Villager (Male) |
| 2:49 | Crear | Villager (Male) |
| 2:49 | Crear | Villager (Male) |
| 3:49 | Crear | Fishing Ship |
| 3:49 | Crear | Fishing Ship |
| 4:02 | Crear | Villager (Male) |
| 4:29 | Construir | House |
| 5:01 | Crear | Fishing Ship |
| 5:01 | Crear | Fishing Ship |
| 5:04 | Crear | Villager (Male) |
| 5:04 | Crear | Villager (Male) |
| 5:06 | Investigar | Loom |
| 5:16 | Construir | House |
| 5:29 | Crear | Villager (Male) |
| 5:29 | Crear | Villager (Male) |
| 5:39 | Crear | Villager (Male) |
| 5:44 | Construir | House |
| 6:16 | Crear | Villager (Male) |
| 6:16 | Crear | Villager (Male) |
| 6:35 | Crear | Fishing Ship |
| 6:59 | Construir | House |
| 7:00 | Crear | Villager (Male) |
| 7:07 | Crear | Fishing Ship |
| 7:10 | Crear | Villager (Male) |
| 7:10 | Crear | Villager (Male) |
| 7:15 | Construir | House |
| 7:32 | Crear | Villager (Male) |
| 7:32 | Crear | Villager (Male) |
| 7:46 | Crear | Fishing Ship |
| 7:51 | Construir | House |
| 7:53 | Crear | Villager (Male) |
| 7:55 | Crear | Villager (Male) |
| 7:56 | Crear | Villager (Male) |
| 8:26 | Crear | Villager (Male) |
| 8:26 | Crear | Villager (Male) |
| 8:35 | Crear | Villager (Male) |
| 8:51 | Construir | Mill |
| 8:58 | Crear | Villager (Male) |
| 8:58 | Crear | Villager (Male) |
| 9:03 | Crear | Villager (Male) |
| 9:13 | Crear | Villager (Male) |
| 9:29 | Crear | Villager (Male) |
| 10:09 | Investigar | Feudal Age |
| 10:26 | Construir | Mining Camp |
| 10:37 | Construir | House |
| 11:32 | Construir | Dock |
| 11:51 | Crear | Villager (Male) |
| 12:02 | Crear | Villager (Male) |
| 12:30 | Edad | Edad Feudal |
| 12:32 | Crear | Galley |
| 12:32 | Crear | Galley |
| 12:38 | Crear | Galley |
| 12:55 | Construir | Blacksmith |
| 13:05 | Crear | Villager (Male) |
| 13:18 | Crear | Galley |
| 13:25 | Crear | Galley |
| 13:34 | Construir | House |
| 13:49 | Crear | Villager (Male) |
| 13:59 | Construir | Market |
| 14:20 | Crear | Villager (Male) |
| 15:21 | Crear | Villager (Male) |
| 15:23 | Construir | Market |
| 15:27 | Construir | Lumber Camp |
| 15:31 | Crear | Unit 2626 |
| 15:31 | Crear | Unit 2626 |
| 15:48 | Crear | Villager (Male) |
| 16:35 | Investigar | Castle Age |
| 16:35 | Investigar | Castle Age |
| 16:37 | Investigar | Double-Bit Axe |
| 17:33 | Crear | Unit 2626 |
| 17:34 | Crear | Unit 2626 |
| 17:35 | Crear | Villager (Male) |
| 17:37 | Construir | House |
| 17:38 | Construir | House |
| 17:58 | Construir | Dock |
| 18:16 | Investigar | Horse Collar |
| 18:30 | Crear | Villager (Male) |
| 19:05 | Crear | Villager (Male) |
| 19:15 | Edad | Edad de los Castillos |
| 19:25 | Investigar | War Galley (upgrade) |
| 19:26 | Investigar | Fletching |
| 19:40 | Crear | Fire Galley |
| 19:42 | Crear | Villager (Male) |
| 19:45 | Construir | Monastery |
| 19:48 | Crear | Villager (Male) |
| 19:48 | Crear | Villager (Male) |
| 19:56 | Crear | Villager (Male) |
| 20:03 | Construir | Town Center |
| 20:09 | Construir | Town Center |
| 20:17 | Crear | Fire Galley |
| 21:06 | Investigar | Fervor |
| 21:19 | Crear | Villager (Male) |
| 21:46 | Crear | Fishing Ship |
| 21:47 | Construir | House |
| 21:57 | Crear | Villager (Male) |
| 21:58 | Crear | Villager (Male) |
| 22:12 | Crear | Villager (Male) |
| 22:41 | Crear | Monk |
| 22:44 | Crear | Villager (Male) |
| 22:45 | Crear | Villager (Male) |
| 22:49 | Construir | House |
| 22:52 | Crear | Unit 2626 |
| 22:58 | Crear | Unit 2626 |
| 22:58 | Crear | Unit 2626 |
| 23:35 | Crear | Villager (Male) |
| 23:35 | Crear | Villager (Male) |
| 23:49 | Construir | House |
| 23:50 | Construir | House |
| 23:51 | Crear | Villager (Male) |
| 24:07 | Crear | Villager (Male) |
| 24:14 | Construir | Castle |
| 24:22 | Construir | Castle |
| 24:25 | Construir | Lumber Camp |
| 24:27 | Crear | Villager (Male) |
| 24:31 | Crear | Monk |
| 24:41 | Crear | Villager (Male) |
| 24:42 | Crear | Villager (Male) |
| 25:13 | Crear | Fishing Ship |
| 25:15 | Construir | House |
| 25:21 | Construir | Mill |
| 25:22 | Construir | Farm |
| 25:22 | Construir | Farm |
| 25:22 | Construir | Farm |
| 25:22 | Construir | Farm |
| 25:23 | Construir | Farm |
| 25:23 | Construir | Farm |
| 25:27 | Investigar | Heavy Plow |
| 25:28 | Investigar | Heavy Plow |
| 25:41 | Investigar | Bow Saw |
| 25:41 | Investigar | Bow Saw |
| 25:42 | Crear | Villager (Male) |
| 26:08 | Construir | Castle |
| 26:31 | Construir | Castle |
| 26:34 | Crear | Villager (Male) |
| 26:35 | Crear | Villager (Male) |
| 26:35 | Crear | Villager (Male) |
| 26:35 | Crear | Villager (Male) |
| 26:37 | Construir | Farm |
| 26:37 | Construir | Farm |
| 26:37 | Construir | Farm |
| 26:38 | Construir | Farm |
| 26:38 | Construir | Farm |
| 26:38 | Construir | Farm |
| 26:46 | Crear | Villager (Male) |
| 27:07 | Crear | Villager (Male) |
Build order — Secretary E
Primeras 150 de 426 acciones detectadas
| 0:05 | Construir | Town Center |
| 1:05 | Construir | Dock |
| 1:08 | Construir | House |
| 2:27 | Crear | Villager (Male) |
| 2:27 | Crear | Villager (Male) |
| 2:31 | Crear | Villager (Male) |
| 2:32 | Crear | Villager (Male) |
| 2:32 | Crear | Villager (Male) |
| 3:46 | Crear | Villager (Male) |
| 3:47 | Crear | Villager (Male) |
| 4:02 | Crear | Fishing Ship |
| 4:30 | Crear | Villager (Male) |
| 4:39 | Construir | House |
| 4:49 | Investigar | Loom |
| 4:58 | Crear | Villager (Male) |
| 5:21 | Crear | Villager (Male) |
| 5:21 | Crear | Villager (Male) |
| 5:54 | Construir | House |
| 5:58 | Construir | House |
| 6:15 | Crear | Villager (Male) |
| 6:15 | Crear | Villager (Male) |
| 6:29 | Crear | Villager (Male) |
| 6:49 | Crear | Villager (Male) |
| 6:54 | Crear | Fishing Ship |
| 7:08 | Crear | Villager (Male) |
| 7:22 | Crear | Villager (Male) |
| 7:24 | Crear | Fishing Ship |
| 7:28 | Crear | Villager (Male) |
| 7:50 | Construir | House |
| 7:55 | Crear | Villager (Male) |
| 8:21 | Crear | Fishing Ship |
| 8:31 | Construir | House |
| 8:47 | Crear | Villager (Male) |
| 8:56 | Construir | Palisade Wall |
| 8:57 | Construir | Palisade Wall |
| 8:59 | Construir | Palisade Wall |
| 9:04 | Crear | Fishing Ship |
| 9:10 | Crear | Villager (Male) |
| 9:32 | Construir | House |
| 9:36 | Crear | Fishing Ship |
| 9:57 | Construir | Palisade Wall |
| 10:10 | Construir | Mining Camp |
| 10:13 | Crear | Villager (Male) |
| 10:35 | Crear | Fishing Ship |
| 10:36 | Crear | Villager (Male) |
| 11:14 | Construir | Barracks |
| 11:18 | Investigar | Feudal Age |
| 11:19 | Crear | Villager (Male) |
| 11:52 | Construir | Dock |
| 12:27 | Crear | Militia |
| 12:27 | Crear | Militia |
| 12:47 | Construir | House |
| 13:04 | Construir | House |
| 13:07 | Construir | Palisade Wall |
| 13:13 | Crear | Militia |
| 13:28 | Edad | Edad Feudal |
| 13:43 | Construir | Blacksmith |
| 13:48 | Crear | Villager (Male) |
| 14:07 | Construir | Mill |
| 14:08 | Crear | Villager (Male) |
| 14:14 | Crear | Fire Galley |
| 14:45 | Crear | Militia |
| 14:46 | Crear | Villager (Male) |
| 15:24 | Crear | Villager (Male) |
| 15:29 | Construir | Market |
| 15:30 | Crear | Villager (Male) |
| 15:41 | Crear | Militia |
| 15:48 | Construir | Lumber Camp |
| 15:59 | Investigar | Castle Age |
| 16:05 | Crear | Militia |
| 16:08 | Crear | Fire Galley |
| 16:48 | Crear | Militia |
| 16:48 | Investigar | Scale Mail Armor |
| 16:49 | Investigar | Forging |
| 17:38 | Investigar | Arson |
| 17:38 | Investigar | Arson |
| 17:47 | Crear | Villager (Male) |
| 17:50 | Construir | House |
| 17:58 | Crear | Militia |
| 18:16 | Construir | Dock |
| 18:20 | Investigar | Double-Bit Axe |
| 18:50 | Investigar | Tech 906 |
| 18:54 | Edad | Edad de los Castillos |
| 19:20 | Construir | Town Center |
| 19:33 | Construir | House |
| 19:36 | Crear | Villager (Male) |
| 19:37 | Crear | Villager (Male) |
| 19:41 | Investigar | Squires |
| 19:47 | Crear | Unit 2626 |
| 19:50 | Crear | Unit 2626 |
| 20:03 | Construir | House |
| 20:18 | Investigar | Fletching |
| 20:27 | Crear | Villager (Male) |
| 20:36 | Crear | Spearman |
| 20:36 | Crear | Spearman |
| 20:52 | Construir | Lumber Camp |
| 21:05 | Crear | Spearman |
| 21:23 | Construir | Watch Tower |
| 21:39 | Crear | Villager (Male) |
| 22:02 | Construir | Farm |
| 22:03 | Construir | Farm |
| 22:03 | Construir | Farm |
| 22:05 | Construir | Farm |
| 22:06 | Construir | Farm |
| 22:06 | Construir | Farm |
| 22:16 | Construir | Krepost |
| 23:24 | Crear | Spearman |
| 23:46 | Construir | House |
| 23:51 | Construir | House |
| 24:47 | Crear | Villager (Male) |
| 24:53 | Construir | House |
| 24:58 | Crear | Villager (Male) |
| 25:10 | Construir | House |
| 25:28 | Crear | Villager (Male) |
| 25:39 | Construir | House |
| 25:43 | Crear | Spearman |
| 25:43 | Crear | Spearman |
| 25:58 | Crear | Villager (Male) |
| 26:05 | Crear | Fishing Ship |
| 26:07 | Crear | Villager (Male) |
| 26:25 | Crear | Villager (Male) |
| 26:44 | Crear | Villager (Male) |
| 26:47 | Investigar | Horse Collar |
| 26:50 | Crear | Fishing Ship |
| 26:51 | Crear | Villager (Male) |
| 26:57 | Construir | House |
| 27:01 | Crear | Villager (Male) |
| 27:04 | Crear | Villager (Male) |
| 27:17 | Construir | Palisade Wall |
| 27:26 | Crear | Fishing Ship |
| 27:27 | Crear | Fishing Ship |
| 27:28 | Crear | Villager (Male) |
| 27:29 | Crear | Villager (Male) |
| 27:43 | Construir | Dock |
| 28:02 | Crear | Villager (Male) |
| 28:04 | Construir | Farm |
| 28:14 | Crear | Fishing Ship |
| 28:28 | Crear | Villager (Male) |
| 28:34 | Investigar | Gillnets |
| 28:49 | Crear | Villager (Male) |
| 29:01 | Crear | Villager (Male) |
| 29:16 | Crear | Fishing Ship |
| 29:17 | Crear | Fishing Ship |
| 29:17 | Crear | Fishing Ship |
| 29:20 | Crear | Villager (Male) |
| 29:22 | Crear | Unit 2626 |
| 29:23 | Crear | Unit 2626 |
| 29:30 | Crear | Villager (Male) |
| 29:43 | Crear | Villager (Male) |
| 29:51 | Investigar | Bow Saw |
Build order — Binereryy
Primeras 150 de 356 acciones detectadas
| 0:24 | Construir | Town Center |
| 0:44 | Construir | Dock |
| 0:46 | Construir | House |
| 2:36 | Construir | Palisade Wall |
| 2:39 | Crear | Villager (Male) |
| 2:40 | Crear | Villager (Male) |
| 2:40 | Crear | Villager (Male) |
| 2:40 | Crear | Villager (Male) |
| 3:54 | Investigar | Loom |
| 4:13 | Crear | Villager (Male) |
| 4:13 | Crear | Villager (Male) |
| 4:15 | Crear | Fishing Ship |
| 4:24 | Investigar | Loom |
| 4:40 | Construir | House |
| 5:05 | Crear | Fishing Ship |
| 5:23 | Crear | Villager (Male) |
| 5:49 | Crear | Villager (Male) |
| 5:49 | Crear | Villager (Male) |
| 6:02 | Construir | House |
| 6:27 | Crear | Villager (Male) |
| 7:08 | Crear | Villager (Male) |
| 7:20 | Crear | Villager (Male) |
| 7:20 | Crear | Villager (Male) |
| 7:46 | Crear | Fishing Ship |
| 7:47 | Crear | Villager (Male) |
| 7:55 | Crear | Villager (Male) |
| 7:55 | Crear | Villager (Male) |
| 8:02 | Construir | House |
| 8:06 | Crear | Villager (Male) |
| 8:16 | Crear | Villager (Male) |
| 8:27 | Crear | Villager (Male) |
| 8:33 | Construir | Palisade Wall |
| 8:36 | Crear | Fishing Ship |
| 8:37 | Crear | Fishing Ship |
| 9:08 | Crear | Villager (Male) |
| 9:31 | Construir | House |
| 9:32 | Crear | Villager (Male) |
| 9:33 | Crear | Villager (Male) |
| 9:39 | Construir | Mill |
| 9:41 | Crear | Villager (Male) |
| 9:43 | Crear | Villager (Male) |
| 9:51 | Construir | Palisade Wall |
| 9:53 | Construir | Palisade Wall |
| 10:07 | Crear | Villager (Male) |
| 10:07 | Crear | Villager (Male) |
| 10:08 | Crear | Villager (Male) |
| 10:08 | Crear | Villager (Male) |
| 10:52 | Construir | Outpost |
| 11:07 | Investigar | Feudal Age |
| 11:14 | Construir | Mining Camp |
| 11:42 | Construir | Palisade Wall |
| 11:47 | Crear | Villager (Male) |
| 12:53 | Construir | Outpost |
| 12:58 | Crear | Villager (Male) |
| 13:28 | Edad | Edad Feudal |
| 13:34 | Construir | Palisade Wall |
| 13:43 | Construir | Market |
| 13:48 | Construir | Blacksmith |
| 14:23 | Crear | Villager (Male) |
| 14:34 | Construir | House |
| 14:37 | Construir | House |
| 14:56 | Investigar | Castle Age |
| 17:20 | Crear | Villager (Male) |
| 17:36 | Edad | Edad de los Castillos |
| 17:55 | Construir | Castle |
| 18:30 | Crear | Villager (Male) |
| 18:30 | Crear | Villager (Male) |
| 18:39 | Construir | Mining Camp |
| 18:57 | Crear | Villager (Male) |
| 18:57 | Crear | Villager (Male) |
| 18:57 | Crear | Villager (Male) |
| 19:25 | Crear | Throwing Axeman |
| 19:37 | Crear | Villager (Male) |
| 19:38 | Crear | Villager (Male) |
| 19:49 | Crear | Villager (Male) |
| 20:12 | Crear | Throwing Axeman |
| 20:20 | Crear | Villager (Male) |
| 20:38 | Crear | Villager (Male) |
| 20:38 | Crear | Villager (Male) |
| 20:53 | Construir | Siege Workshop |
| 21:27 | Crear | Battering Ram |
| 21:59 | Crear | Villager (Male) |
| 22:05 | Construir | Town Center |
| 22:35 | Crear | Villager (Male) |
| 22:38 | Construir | Lumber Camp |
| 22:48 | Construir | Palisade Wall |
| 22:55 | Crear | Throwing Axeman |
| 23:04 | Investigar | Double-Bit Axe |
| 23:33 | Construir | Town Center |
| 24:01 | Crear | Villager (Male) |
| 24:02 | Crear | Villager (Male) |
| 24:02 | Crear | Villager (Male) |
| 24:06 | Construir | House |
| 24:17 | Construir | Monastery |
| 24:25 | Construir | Farm |
| 24:26 | Construir | Farm |
| 24:34 | Crear | Unit 2626 |
| 24:36 | Crear | Villager (Male) |
| 24:37 | Crear | Villager (Male) |
| 25:11 | Construir | House |
| 25:12 | Crear | Villager (Male) |
| 25:12 | Crear | Villager (Male) |
| 25:15 | Crear | Monk |
| 25:24 | Construir | Farm |
| 25:26 | Construir | Farm |
| 25:32 | Crear | Villager (Male) |
| 25:56 | Crear | Villager (Male) |
| 25:58 | Crear | Villager (Male) |
| 25:59 | Crear | Villager (Male) |
| 26:01 | Construir | House |
| 26:08 | Construir | Farm |
| 26:08 | Construir | Farm |
| 26:15 | Construir | Farm |
| 26:16 | Construir | Farm |
| 26:17 | Construir | Farm |
| 26:19 | Crear | Villager (Male) |
| 26:33 | Construir | Farm |
| 26:34 | Construir | Farm |
| 26:35 | Construir | Farm |
| 26:38 | Construir | Farm |
| 26:41 | Crear | Villager (Male) |
| 26:54 | Construir | Farm |
| 26:55 | Construir | Farm |
| 26:56 | Construir | Farm |
| 26:58 | Crear | Villager (Male) |
| 26:58 | Crear | Villager (Male) |
| 27:04 | Construir | Farm |
| 27:21 | Construir | Dock |
| 27:23 | Crear | Villager (Male) ×2 |
| 27:27 | Construir | Farm |
| 27:29 | Construir | Farm |
| 27:44 | Crear | Villager (Male) ×3 |
| 27:44 | Crear | Villager (Male) ×3 |
| 27:49 | Construir | Farm |
| 28:04 | Construir | Farm |
| 28:06 | Construir | Farm |
| 28:14 | Crear | Villager (Male) |
| 28:14 | Crear | Villager (Male) |
| 28:14 | Crear | Villager (Male) |
| 28:21 | Construir | Farm |
| 28:27 | Construir | Farm |
| 28:28 | Construir | Farm |
| 28:34 | Crear | Villager (Male) |
| 28:34 | Crear | Villager (Male) |
| 28:34 | Crear | Villager (Male) |
| 28:49 | Construir | Farm |
| 28:50 | Construir | Farm |
| 29:01 | Crear | Villager (Male) |
| 29:02 | Crear | Villager (Male) |
| 29:07 | Construir | Farm |
Build order — hp_wong
Primeras 150 de 537 acciones detectadas
| 0:27 | Construir | Town Center |
| 1:23 | Construir | Dock |
| 1:25 | Construir | House |
| 2:53 | Crear | Villager (Male) |
| 2:53 | Crear | Villager (Male) |
| 2:53 | Crear | Villager (Male) |
| 2:53 | Crear | Villager (Male) |
| 4:08 | Crear | Fishing Ship |
| 4:23 | Construir | House |
| 4:25 | Crear | Villager (Male) |
| 5:02 | Crear | Villager (Male) |
| 5:26 | Crear | Villager (Male) |
| 5:48 | Crear | Villager (Male) |
| 6:10 | Crear | Villager (Male) |
| 6:11 | Crear | Fishing Ship |
| 6:25 | Construir | House |
| 6:36 | Crear | Villager (Male) |
| 6:37 | Crear | Villager (Male) |
| 6:48 | Crear | Villager (Male) |
| 6:49 | Crear | Villager (Male) |
| 6:56 | Construir | Palisade Wall |
| 7:08 | Crear | Fishing Ship |
| 7:19 | Crear | Villager (Male) |
| 7:36 | Crear | Villager (Male) |
| 7:36 | Crear | Villager (Male) |
| 7:44 | Crear | Fishing Ship |
| 8:03 | Construir | House |
| 8:06 | Crear | Villager (Male) |
| 8:06 | Crear | Villager (Male) |
| 8:30 | Crear | Fishing Ship |
| 8:31 | Crear | Villager (Male) |
| 8:48 | Crear | Villager (Male) |
| 8:49 | Crear | Villager (Male) |
| 8:49 | Crear | Villager (Male) |
| 9:13 | Construir | House |
| 9:18 | Construir | House |
| 9:49 | Crear | Villager (Male) |
| 9:50 | Crear | Fishing Ship |
| 10:10 | Construir | House |
| 10:12 | Crear | Fishing Ship |
| 10:42 | Construir | Lumber Camp |
| 10:51 | Investigar | Loom |
| 11:07 | Crear | Fishing Ship |
| 11:20 | Investigar | Feudal Age |
| 11:20 | Investigar | Feudal Age |
| 11:38 | Construir | Mining Camp |
| 12:26 | Construir | Mill |
| 12:43 | Crear | Villager (Male) |
| 12:44 | Crear | Villager (Male) |
| 12:44 | Crear | Villager (Male) |
| 13:19 | Construir | House |
| 13:34 | Edad | Edad Feudal |
| 13:38 | Investigar | Double-Bit Axe |
| 13:38 | Investigar | Double-Bit Axe |
| 13:41 | Construir | Market |
| 13:45 | Construir | Blacksmith |
| 14:16 | Investigar | Tech 906 |
| 14:37 | Construir | Palisade Wall |
| 14:53 | Construir | Palisade Gate |
| 14:59 | Crear | Villager (Male) |
| 15:00 | Crear | Villager (Male) |
| 15:23 | Construir | Mining Camp |
| 15:37 | Construir | House |
| 15:39 | Construir | House |
| 15:46 | Investigar | Castle Age |
| 15:51 | Construir | House |
| 15:53 | Construir | House |
| 15:58 | Construir | Stone Wall |
| 15:59 | Construir | Stone Wall |
| 16:33 | Construir | Palisade Gate |
| 16:52 | Investigar | Gold Mining |
| 17:01 | Crear | Villager (Male) |
| 17:02 | Crear | Villager (Male) |
| 17:11 | Construir | Stone Wall |
| 17:55 | Construir | Dock |
| 18:17 | Crear | Villager (Male) |
| 18:29 | Edad | Edad de los Castillos |
| 18:32 | Construir | Castle |
| 18:35 | Investigar | Bow Saw |
| 18:38 | Investigar | Scale Barding Armor |
| 19:11 | Crear | Villager (Male) |
| 19:13 | Crear | Magyar Huszar |
| 19:14 | Crear | Magyar Huszar |
| 19:23 | Investigar | Horse Collar |
| 19:23 | Investigar | Horse Collar |
| 19:29 | Crear | Magyar Huszar |
| 19:48 | Crear | Magyar Huszar |
| 19:51 | Crear | Villager (Male) |
| 19:57 | Construir | Dock |
| 20:03 | Crear | Magyar Huszar |
| 20:10 | Crear | Villager (Male) |
| 20:18 | Crear | Magyar Huszar |
| 20:20 | Investigar | Horse Collar |
| 20:21 | Investigar | Horse Collar |
| 20:25 | Crear | Villager (Male) |
| 20:43 | Crear | Magyar Huszar |
| 20:50 | Crear | Magyar Huszar |
| 20:58 | Crear | Villager (Male) |
| 21:08 | Crear | Magyar Huszar |
| 21:23 | Investigar | Chain Barding Armor |
| 21:26 | Construir | Market |
| 21:35 | Crear | Magyar Huszar |
| 21:38 | Crear | Villager (Male) |
| 21:42 | Crear | Magyar Huszar |
| 21:51 | Crear | Magyar Huszar |
| 21:53 | Crear | Villager (Male) |
| 22:03 | Crear | Fishing Ship ×3 |
| 22:11 | Crear | Magyar Huszar |
| 22:19 | Construir | Farm |
| 22:26 | Crear | Villager (Male) |
| 22:38 | Crear | Magyar Huszar |
| 22:38 | Crear | Magyar Huszar |
| 22:55 | Crear | Magyar Huszar |
| 23:01 | Crear | Villager (Male) ×5 |
| 23:10 | Crear | Magyar Huszar |
| 23:17 | Construir | Town Center |
| 23:23 | Crear | Magyar Huszar |
| 23:45 | Crear | Magyar Huszar |
| 23:54 | Crear | Villager (Male) |
| 24:04 | Crear | Magyar Huszar |
| 24:15 | Investigar | Heavy Plow |
| 24:15 | Investigar | Heavy Plow |
| 24:19 | Construir | Farm |
| 24:20 | Construir | Farm |
| 24:29 | Investigar | Gillnets |
| 24:35 | Crear | Villager (Male) ×4 |
| 24:41 | Crear | Magyar Huszar |
| 24:41 | Crear | Magyar Huszar |
| 24:51 | Construir | Farm |
| 24:52 | Crear | Villager (Male) |
| 24:54 | Construir | Farm |
| 24:54 | Construir | Farm |
| 24:55 | Construir | Farm |
| 24:56 | Construir | Farm |
| 24:57 | Construir | Farm |
| 25:07 | Crear | Magyar Huszar |
| 25:11 | Crear | Villager (Male) |
| 25:12 | Construir | Farm |
| 25:21 | Crear | Magyar Huszar |
| 25:22 | Crear | Magyar Huszar |
| 25:28 | Crear | Villager (Male) |
| 25:37 | Construir | Town Center |
| 25:39 | Crear | Magyar Huszar |
| 25:56 | Crear | Fire Galley |
| 26:00 | Crear | Unit 2626 |
| 26:06 | Crear | Villager (Male) ×2 |
| 26:08 | Crear | Villager (Male) |
| 26:10 | Construir | Farm |
| 26:18 | Crear | Magyar Huszar |
| 26:22 | Construir | House |
Cronología de la partida
| 0:39 | uttuananh1989 · first_building Dock |
| 0:39 | Mr Dô · first_building Dock |
| 0:40 | bathi90dn · first_building Dock |
| 0:44 | Binereryy · first_building Dock |
| 0:53 | JIJINz · first_building Dock |
| 0:57 | Mr Dô · wall_segment Palisade Wall x1 |
| 1:05 | Secretary E · first_building Dock |
| 1:12 | Tienchim · first_building Dock |
| 1:23 | hp_wong · first_building Dock |
| 2:36 | Binereryy · wall_segment Palisade Wall x1 |
| 6:56 | hp_wong · wall_segment Palisade Wall x1 |
| 8:33 | Binereryy · wall_segment Palisade Wall x3 |
| 8:56 | Secretary E · wall_segment Palisade Wall x1 |
| 8:57 | Secretary E · wall_segment Palisade Wall x1 |
| 8:59 | Secretary E · wall_segment Palisade Wall x3 |
| 9:37 | Tienchim · wall_segment Palisade Wall x1 |
| 9:41 | Tienchim · wall_segment Palisade Wall x1 |
| 9:51 | Binereryy · wall_segment Palisade Wall x3 |
| 9:53 | Binereryy · wall_segment Palisade Wall x4 |
| 9:57 | Secretary E · wall_segment Palisade Wall x1 |
| 9:59 | Tienchim · wall_segment Palisade Wall x7 |
| 10:37 | Tienchim · wall_segment Palisade Wall x3 |
| 11:14 | Secretary E · first_building Barracks |
| 11:18 | Tienchim · wall_segment Palisade Wall x1 |
| 11:20 | Tienchim · wall_segment Palisade Wall x1 |
| 11:22 | Tienchim · wall_segment Palisade Wall x1 |
| 11:42 | Binereryy · wall_segment Palisade Wall x10 |
| 12:30 | JIJINz · age_up feudal |
| 12:39 | uttuananh1989 · age_up feudal |
| 12:49 | Tienchim · wall_segment Palisade Wall x3 |
| 13:07 | Secretary E · wall_segment Palisade Wall x4 |
| 13:23 | Tienchim · wall_segment Palisade Wall x13 |
| 13:28 | Secretary E · age_up feudal |
| 13:28 | Binereryy · age_up feudal |
| 13:34 | Binereryy · wall_segment Palisade Wall x2 |
| 13:34 | hp_wong · age_up feudal |
| 14:14 | Tienchim · age_up feudal |
| 14:37 | hp_wong · wall_segment Palisade Wall x1 |
| 14:46 | Binereryy · first_market_sell 100 stone |
| 15:04 | Tienchim · wall_segment Palisade Wall x4 |
| 15:09 | uttuananh1989 · first_market_sell 100 food |
| 15:20 | bathi90dn · age_up feudal |
| 15:35 | Tienchim · first_market_sell 100 food |
| 15:54 | Tienchim · wall_segment Palisade Wall x3 |
| 15:58 | hp_wong · wall_segment Stone Wall x1 |
| 15:59 | hp_wong · wall_segment Stone Wall x1 |
| 16:03 | bathi90dn · first_building Barracks |
| 16:47 | bathi90dn · first_building Stable |
| 17:11 | hp_wong · wall_segment Stone Wall x1 |
| 17:17 | Mr Dô · first_building Barracks |
| 17:36 | Binereryy · age_up castle |
| 17:36 | hp_wong · first_market_buy 100 stone |
| 17:40 | uttuananh1989 · age_up castle |
| 17:45 | Mr Dô · age_up feudal |
| 17:55 | Binereryy · first_building Castle |
| 18:17 | Tienchim · age_up castle |
| 18:21 | Tienchim · first_building Castle |
| 18:29 | hp_wong · age_up castle |
| 18:32 | hp_wong · first_building Castle |
| 18:50 | Mr Dô · first_building Stable |
| 18:54 | Secretary E · age_up castle |
| 19:15 | JIJINz · age_up castle |
| 19:45 | JIJINz · first_building Monastery |
| 20:01 | bathi90dn · age_up castle |
| 20:08 | bathi90dn · wall_segment Palisade Wall x1 |
| 20:34 | Secretary E · first_market_buy 100 food |
| 20:53 | Binereryy · first_building Siege Workshop |
| 21:01 | JIJINz · first_market_sell 100 food |
| 21:14 | bathi90dn · first_building Monastery |
| 22:09 | Mr Dô · age_up castle |
| 22:16 | Secretary E · first_building Krepost |
| 22:27 | uttuananh1989 · first_market_buy 100 food |
| 22:48 | Binereryy · wall_segment Palisade Wall x6 |
| 22:52 | bathi90dn · first_building Siege Workshop |
| 23:28 | Binereryy · first_market_buy 100 stone |
| 23:58 | Tienchim · first_building Barracks |
| 24:14 | JIJINz · first_building Castle |
| 24:17 | Binereryy · first_building Monastery |
| 25:18 | uttuananh1989 · first_building Barracks |
| 25:26 | JIJINz · first_market_buy 100 food |
| 25:56 | uttuananh1989 · first_building Stable |
| 27:10 | hp_wong · first_building Barracks |
| 27:17 | Secretary E · wall_segment Palisade Wall x1 |
| 27:27 | uttuananh1989 · first_building Castle |
| 28:03 | uttuananh1989 · wall_segment Palisade Wall x1 |
| 28:04 | uttuananh1989 · wall_segment Palisade Wall x1 |
| 28:43 | uttuananh1989 · wall_segment Stone Wall x12 |
| 31:16 | Tienchim · first_building Monastery |
| 31:44 | Binereryy · first_building Barracks |
| 31:53 | Secretary E · first_building Siege Workshop |
| 32:00 | uttuananh1989 · age_up imperial |
| 32:04 | Tienchim · first_building Siege Workshop |
| 32:13 | bathi90dn · first_building Archery Range |
| 32:13 | Mr Dô · first_building Castle |
| 32:26 | Binereryy · first_building Stable |
| 32:32 | Secretary E · first_market_sell 100 stone |
| 32:39 | Binereryy · wall_segment Stone Wall x4 |
| 32:49 | JIJINz · first_building Siege Workshop |
| 33:16 | uttuananh1989 · first_building Archery Range |
| 33:24 | JIJINz · first_building Barracks |
| 33:55 | hp_wong · wall_segment Stone Wall x5 |
| 33:57 | hp_wong · wall_segment Stone Wall x6 |
| 33:59 | hp_wong · wall_segment Stone Wall x4 |
| 34:06 | bathi90dn · first_building Castle |
| 34:14 | Binereryy · age_up imperial |
| 34:38 | Secretary E · first_building Castle |
| 34:41 | JIJINz · first_building Archery Range |
| 35:16 | Mr Dô · first_building Archery Range |
| 35:57 | hp_wong · age_up imperial |
| 36:19 | JIJINz · age_up imperial |
| 36:29 | hp_wong · first_market_sell 100 food |
| 37:38 | Mr Dô · age_up imperial |
| 38:25 | uttuananh1989 · wall_segment Stone Wall x5 |
| 39:02 | Secretary E · age_up imperial |
| 39:06 | uttuananh1989 · first_building Siege Workshop |
| 41:19 | Binereryy · first_building Archery Range |
| 42:07 | hp_wong · first_building Stable |
| 45:34 | bathi90dn · age_up imperial |
| 48:25 | Mr Dô · tribute_sent a jugador 2 |
| 48:25 | Mr Dô · tribute_sent a jugador 3 |
| 48:25 | Mr Dô · tribute_sent a jugador 4 |
| 48:25 | Mr Dô · tribute_sent a jugador 5 |
| 48:25 | Mr Dô · tribute_sent a jugador 6 |
| 48:25 | Mr Dô · tribute_sent a jugador 7 |
| 48:25 | Mr Dô · tribute_sent a jugador 8 |
| 52:13 | JIJINz · first_building Stable |
| 52:22 | Mr Dô · tribute_sent a jugador 2 |
| 52:22 | Mr Dô · tribute_sent a jugador 3 |
| 52:22 | Mr Dô · tribute_sent a jugador 4 |
| 52:22 | Mr Dô · tribute_sent a jugador 5 |
| 52:23 | Mr Dô · tribute_sent a jugador 6 |
| 52:23 | Mr Dô · tribute_sent a jugador 7 |
| 52:23 | Mr Dô · tribute_sent a jugador 8 |
| 53:28 | uttuananh1989 · wall_segment Palisade Wall x1 |
| 54:40 | Mr Dô · tribute_sent a jugador 2 |
| 54:40 | Mr Dô · tribute_sent a jugador 3 |
| 54:40 | Mr Dô · tribute_sent a jugador 4 |
| 54:40 | Mr Dô · tribute_sent a jugador 5 |
| 54:40 | Mr Dô · tribute_sent a jugador 6 |
| 54:40 | Mr Dô · tribute_sent a jugador 7 |
| 54:40 | Mr Dô · tribute_sent a jugador 8 |
| 55:17 | Mr Dô · tribute_sent a jugador 2 |
| 55:17 | Mr Dô · tribute_sent a jugador 3 |
| 55:17 | Mr Dô · tribute_sent a jugador 4 |
| 55:17 | Mr Dô · tribute_sent a jugador 5 |
| 55:17 | Mr Dô · tribute_sent a jugador 6 |
| 55:17 | Mr Dô · tribute_sent a jugador 7 |
| 55:17 | Mr Dô · tribute_sent a jugador 8 |
| 55:38 | uttuananh1989 · resign |
| 55:40 | Tienchim · age_up imperial |
[ ANÁLISIS IA · 1 CRÉDITO ]
¿Qué pasó realmente en esta partida?
Wolo.gg analiza cada decisión: build order, eco, micro, errores típicos por bracket. Análisis personalizado por WhatsApp o Discord en 30 segundos.
Guía civ
Borgoñones
Perfil
Jugador #3217336